[Event "7th Gashimov Memorial-Blitz 2021"]
[Site "Baku"]
[Date "2021.12.22"]
[Round "1"]
[White "Karjakin, Sergey"]
[Black "Rapport, Richard"]
[Result "0-1"]
[ECO "E94"]
[WhiteElo "2743"]
[BlackElo "2763"]
[Annotator "RC"]
[PlyCount "82"]
[EventDate "2021.12.17"]
[EventType "tourn"]
[EventCountry "AZE"]
[SourceTitle "playchess.com"]
[Source "ChessBase"]
[SourceQuality "1"]
[TimeControl "180+2"]

1. d4 Nf6 2. c4 g6 3. Nc3 Bg7 4. e4 d6 5. Nf3 O-O 6. Be2 e5 7. O-O Na6 8. Re1 Qe8 9. dxe5 dxe5 10. a3 Bg4 11. b4 Rd8 12. Qc2 Nb8 13. b5 Nh5 14. Bg5 Rc8 15. Be3 Nd7 16. h3 Be6 17. Rad1 Nf4 18. Bf1 c6 19. Qa4 Nb6 20. Qxa7 Nxc4 21. Bc5 cxb5 22. Bxf8 Bxf8 23. Nd5 Bxd5 24. exd5 Bc5 25. Qxb7 Nd6 26. Qa6 e4 27. Nd4 Qe5 28. Nb3 Nxh3+ 29. gxh3 Qg3+ 30. Kh1 Bxf2 31. Bg2 Bxe1 32. Nd4 Bc3 33. Ne2 Qe5 34. Rc1 e3 35. Bf3 Kg7 36. Rxc3 Rxc3 37. Nxc3 Qxc3 38. Qxd6 Qe1+ 39. Kh2 Qf2+ 40. Bg2 e2 41. Qe5+ Kh6 0-1

[Event "7th Gashimov Memorial-Blitz 2021"]
[Site "Baku"]
[Date "2021.12.23"]
[Round "12"]
[White "Karjakin, Sergey"]
[Black "Caruana, Fabiano"]
[Result "1/2-1/2"]
[ECO "C89"]
[WhiteElo "2743"]
[BlackElo "2792"]
[Annotator "RC"]
[PlyCount "72"]
[EventDate "2021.12.17"]
[EventType "tourn"]
[EventCountry "AZE"]
[SourceTitle "playchess.com"]
[Source "ChessBase"]
[SourceQuality "1"]
[TimeControl "180+2"]

1. e4 e5 2. Nf3 Nc6 3. Bb5 a6 4. Ba4 Nf6 5. O-O Be7 6. Re1 b5 7. Bb3 O-O 8. c3 d5 9. exd5 Nxd5 10. Nxe5 Nxe5 11. Rxe5 c6 12. d3 Bd6 13. Re1 Bf5 14. Qf3 Qh4 15. g3 Qh3 16. Be3 Bxd3 17. Nd2 Bf5 18.
Bxd5 cxd5 19. Qxd5 Rfd8 20. Qg2 Qxg2+ 21. Kxg2 b4 22. Bd4 bxc3 23. Bxc3 Be6 24. f3 a5 25. a3 a4 26. Ne4 Be7 27. Rad1 h6 28.
Bb4 Bxb4 29. axb4 Rab8 30. Rxd8+ Rxd8 31. Nc3 Bc4 32. Rd1 Rb8 33. Rd4 Rxb4 34. Kg1 Rxb2 35. Rxc4 Rc2 36. Rxa4 Rxc3 1/2-1/2